 Dungeon Crawl Stone Soup version 0.25-a0-661-g55ea3d2053 (webtiles) character file.

Game seed: 5695723697742138964, levelgen mode: deterministic

52 Lauz the Shooter (level 3, -7/30 HPs)
             Began as a Centaur Hunter on Mar 23, 2020.
             Killed by nerve-wracking pain
             ... invoked by Jessica
              (14 damage)
             ... on level 2 of the Dungeon.
             The game lasted 00:03:11 (758 turns).

Lauz the Shooter (Centaur Hunter)                    Turns: 758, Time: 00:03:12

Health: -7/30      AC:  5    Str: 14    XL:     3   Next: 60%
Magic:  3/3        EV:  9    Int: 10    God:
Gold:   28         SH:  0    Dex: 10    Spells: 2/2 levels left

rFire    + . .     SeeInvis .   a - +1 shortbow
rCold    . . .     Gourm    .   (shield currently unavailable)
rNeg     . . .     Faith    .   h - +1 leather armour {rF+}
rPois    .         Spirit   .   (no helmet)
rElec    .         Reflect  .   (no cloak)
rCorr    .         Harm     .   (no gloves)
MR       .....                  (no barding)
Stlth    +.........             (no amulet)
HPRegen  0.10/turn              (no ring)
MPRegen  0.08/turn              (no ring)

@: very quick
A: large, hooves 3, deformed body, speed 2, tough skin 3
a: no special abilities


You were on level 2 of the Dungeon.
You were not hungry.

You visited 1 branch of the dungeon, and saw 2 of its levels.

You collected 28 gold pieces.

Inventory:

Hand Weapons
 a - a +1 shortbow (weapon)
 b - a +0 short sword
Armour
 c - a +0 leather armour
 h - a +1 leather armour of fire resistance (worn)
Scrolls
 e - a scroll of remove curse {unknown}
 g - a scroll of enchant armour {unknown}
 i - a scroll of identify {unknown}
 j - a scroll of teleportation {unknown}
 m - a scroll of enchant weapon {unknown}
Potions
 k - a potion of invisibility {unknown}
 l - a potion of resistance {unknown}
 n - a potion of berserk rage {unknown}
 o - a potion of degeneration {unknown}
Comestibles
 f - a ration


   Skills:
 + Level 2.6 Fighting
 * Level 6.7 Bows
 + Level 1.3 Dodging
 - Level 0.4 Stealth


You had 2 spell levels left.
You didn't know any spells.
Your spell library was empty.

Dungeon Overview and Level Annotations

Branches:
Dungeon (2/15)

Altars:

Annotations:
D:2 Jessica


Innate Abilities, Weirdness & Mutations

You have hooves in place of feet.
Armour fits poorly on your strangely shaped body.
You cover ground very quickly.
You have extremely tough skin. (AC +3)


Message History

Firing (i - inventory)
d - an arrow (quivered)
Press: ? - help, Shift-Dir - straight line, f/p - Jessica
Aim: Jessica, wielding a +0 club and wearing a +0 robe (lightly wounded, fast)
You shoot an arrow. The arrow hits Jessica.
Jessica is severely wounded.
Jessica points at you and mumbles some strange words.
Pain shoots through your body!
You completely miss Jessica. Your kick misses Jessica.
Jessica is severely wounded.
Jessica hits you but does no damage. Jessica hits you with a +0 club.
You clumsily bash Jessica but do no damage.
Jessica is severely wounded.
Jessica says, "Why did you come here?" Jessica hits you with a +0 club.
* * * LOW HITPOINT WARNING * * *
Jessica hits you with a +0 club.
* * * LOW HITPOINT WARNING * * *
Jessica casts a spell at you. Pain shoots through your body!
You die...

#............#
#............#
#....%.(.....#
#........!...#
#..........(.#
#............#
#.)..........##.#
#............(...
#.......@.@(...(.
###########......
..... .... ... ..
#


You could see Jessica.

Vanquished Creatures
  A gnoll (D:1)
  An adder (D:2)
  A dart slug (D:1)
  A leopard gecko (D:2)
  3 bats (D:1)
  A giant cockroach (D:1)
  8 goblins (D:1)
  4 hobgoblins (D:1)
  2 frilled lizards (D:1)
  7 kobolds (D:1)
  2 rats (D:1)
31 creatures vanquished.

Notes
Turn   | Place    | Note
-------+----------+-------------------------------------------
     0 | D:1      | Lauz the Centaur Hunter began the quest for the Orb.
     0 | D:1      | Reached XP level 1. HP: 17/17 MP: 1/1
   144 | D:1      | Reached XP level 2. HP: 24/24 MP: 2/2
   230 | D:1      | Reached skill level 6 in Bows
   334 | D:1      | Reached XP level 3. HP: 30/30 MP: 3/3
   740 | D:2      | Noticed Jessica
   758 | D:2      | Killed from afar by Jessica

Levels and vault maps discovered:
D:1:      heliophobic_arrival_dark_side_of_the_moon, layout_loops_ring
D:2:      layout_basic, grunt_qazlal_clouds, first_ration, uniq_robin,
          uniq_terence, uniq_jessica

Skill      XL: |  1  2 |
---------------+-------+-----
Bows           | 6 |  6.7
Fighting       | |  2.6
Dodging        | |  1.3
Stealth        | |  0.4

Action                   || total
-------------------------++-------
Melee: Shortbow          ||     7
       Kick              ||     1
 Fire: Shortbow          ||    87
Armor: Leather armour    ||    10
Dodge: Dodged            ||    12

Table legend:
 A = Non-vault XP
 B = Vault XP
 C = Vault XP percentage of total XP
 D = Non-vault monster count
 E = Vault monster count
 F = Vault count percentage of total count
                 A         B        C        D         E       F
            +---------+---------+-------+---------+---------+-------
      Total |      75 |       0 |   0.0 |      31 |       0 |   0.0
            +---------+---------+-------+---------+---------+-------
        D:1 |      59 |       0 |   0.0 |      29 |       0 |   0.0
        D:2 |      16 |       0 |   0.0 |       2 |       0 |   0.0
            +---------+---------+-------+---------+---------+-------
